 Dungeon Crawl Stone Soup version 0.31-a0-1204-ge2c1a860ed (webtiles) character file.

Game seed: 6714338980611986061

357 RBrandon the Changeling (level 6, -5/63 HPs)
             Began as an Ogre Shapeshifter on Dec 12, 2023.
             Was a Believer of Trog.
             Slain by a gnoll sergeant
             ... wielding a +0 spear
              (12 damage)
             ... on level 4 of the Dungeon.
             The game lasted 00:06:59 (3178 turns).

RBrandon the Changeling (Ogre Shapeshifter)         Turns: 3178, Time: 00:06:59

Health: -5/63      AC:  3    Str: 19    XL:     6   Next: 64%
Magic:  6/6        EV:  9    Int: 11    God:    Trog [**....]
Gold:   211        SH:  0    Dex: 10    Spells: 5/5 levels left

rFire   . .          .
                       - Unarmed
rCold   . . .        (no shield)
rNeg    . . .        a - +0 animal skin
rPois   .            (helmet currently unavailable)
rElec   .            (cloak currently unavailable)
rCorr   .            (gloves unavailable)
SInv    .            (boots unavailable)
Will    .....        (no amulet)
Stlth   +            (no ring)
HPRegen 0.30/turn    (no ring)
MPRegen 0.10/turn

%: no passive effects
@: beast-form, on berserk cooldown, slowed, very slow
A: beast (slay +2), large, unfitting armour, tough skin 1
a: Begin Untransformation, Renounce Religion, Berserk, Trog's Hand


You were on level 4 of the Dungeon.
You worshipped Trog.
Trog was pleased with you.
You were a hulking beast.
You visited 1 branch of the dungeon, and saw 4 of its levels.

You collected 211 gold pieces.

Inventory:

Hand Weapons
 b - a +0 sling
Missiles
 v - 8 poisoned darts
Armour
 a - a +0 animal skin (worn)
Jewellery
 r - a ring of see invisible
Talismans
 c - a beast talisman
 d - a flux talisman
Wands
 o - a wand of polymorph (10)
Scrolls
 e - 3 scrolls of amnesia
 g - a scroll of vulnerability {unknown}
 h - a scroll of blinking {unknown}
 i - a scroll of immolation {unknown}
 j - a scroll of revelation {unknown}
 k - 2 scrolls of identify {unknown}
 l - a scroll of poison {unknown}
 m - 2 scrolls of noise
 p - 2 scrolls of enchant armour {unknown}
Potions
 f - 3 potions of curing {unknown}
 n - 2 potions of enlightenment {unknown}
 q - 2 potions of mutation {unknown}
 s - a potion of brilliance {unknown}
 t - 2 potions of magic {unknown}
 u - 3 potions of lignification
 w - a potion of cancellation {unknown}
 x - a potion of attraction {unknown}


   Skills:
 + Level 4.7 Fighting
 - Level 1.7 Dodging
 + Level 4.1 Unarmed Combat
 * Level 4.9 Shapeshifting


You had 5 spell levels left.
You didn't know any spells.
Your spell library was empty.

Dungeon Overview and Level Annotations

Branches:
Dungeon (4/15)
 Temple: D:4-7

Altars:
Trog
Wu Jian
Yredelemnul

Shops:
D:2 (


Innate Abilities, Weirdness & Mutations

You are a hulking beast.
Your limbs bulge with bestial killing power. (Slay +2)
You are too large for most types of armour.
You have tough skin. (AC +1)


Message History

You punch the gnoll!
You kill the gnoll!
Trog accepts your kill.
The gnoll sergeant hits you with a +0 spear!
You see here a +0 halberd.
You completely miss the gnoll sergeant.
An orc comes into view. It is wielding a +0 flail.
You barely miss the gnoll sergeant.
The gnoll sergeant hits you with a +0 spear!
You punch the gnoll sergeant!
The gnoll sergeant is moderately wounded.
The gnoll sergeant hits you with a +0 spear.
You punch the gnoll sergeant!
The gnoll sergeant is severely wounded.
The gnoll hits you from afar with a +0 halberd.
The gnoll hits you from afar with a +0 spear.
* * * LOW HITPOINT WARNING * * *
You hit the gnoll sergeant but do no damage.
The gnoll sergeant is severely wounded.
The gnoll sergeant hits you with a +0 spear!
* * * LOW HITPOINT WARNING * * *
You hit the gnoll sergeant but do no damage.
The gnoll sergeant is severely wounded.
The gnoll hits you from afar with a +0 halberd!
* * * LOW HITPOINT WARNING * * *
The gnoll hits you from afar with a +0 spear.
* * * LOW HITPOINT WARNING * * *
The gnoll sergeant hits you with a +0 spear!
* * * LOW HITPOINT WARNING * * *
An orc comes into view. It is wielding a +0 dagger.
You feel a strong urge to attack something.
The gnoll sergeant attacks as it pursues you!
The gnoll sergeant hits you from afar with a +0 spear!
* * * LOW HITPOINT WARNING * * *
There is a stone staircase leading up here.
You are no longer berserk.
You are exhausted.
You feel yourself slow down.
The gnoll sergeant hits you from afar with a +0 spear!
You die...

..................##....
...#..................g#
...###.................# ..#
#..............#.... ....
#.........).[####..
#.###.........))...# .
....#.#.............###.# .
.................ggo..o# ..
...............h##.....# ...
................#..#.)## #.#.
.........)......#####).#.....
.##....#........####.....#
##...##............#####
##....####............#
#...### ###..........#
#...######...........##
...>..#.#..##.#.#.....####


You could see a gnoll sergeant, a gnoll and 2 orcs.

Vanquished Creatures
  A scorpion (D:4)
  A jelly (D:4)
  2 orc priests
  An iguana (D:4)
  7 gnolls
  3 adders
  A worm (D:2)
  4 dart slugs
  3 orcs
  6 bats
  6 endoplasms
  3 giant cockroaches
  6 goblins
  3 hobgoblins
  5 jackals
  4 kobolds
  8 quokkas
  8 ball pythons
  2 frilled lizards
  7 rats
  A spectral kobold (D:2)
82 creatures vanquished.

Notes
Turn   | Place    | Note
-------+----------+-------------------------------------------
     0 | D:1      | RBrandon the Ogre Shapeshifter began the quest for the Orb.
     0 | D:1      | Reached XP level 1. HP: 19/19 MP: 1/1
    78 | D:1      | Reached XP level 2. HP: 11/28 MP: 2/2
   552 | D:1      | Reached XP level 3. HP: 36/36 MP: 3/3
   890 | D:2      | Found a faded altar of an unknown god.
   917 | D:2      | Prayed at the altar of an unknown god.
   917 | D:2      | Became a worshipper of Trog the Wrathful
   917 | D:2      | Reached * piety under Trog
  1198 | D:2      | Found Ation Ixteol's Weapon Emporium.
  1535 | D:3      | Reached XP level 4. HP: 30/45 MP: 4/4
  1690 | D:3      | Reached ** piety under Trog
  1908 | D:3      | Found a basalt altar of Yredelemnul.
  2055 | D:3      | Reached XP level 5. HP: 45/53 MP: 5/5
  2144 | D:3      | Found an ornate altar of the Wu Jian Council.
  2705 | D:4      | Reached XP level 6. HP: 46/62 MP: 6/6
  3178 | D:4      | Slain by a gnoll sergeant

Illustrated notes

Levels and vault maps discovered:
D:1:      wheals_arrival_linesprint, layout_loops_ring
D:2:      cheibrodos_old_hovel, layout_rooms, serial_shops,
          nicolae_shop_bloodbath_and_beyond,
          dreamdust_ecumenical_altar_drowned_temple
D:3:      layout_basic, mainiacjoe_overflow_alcove_2,
          mainiacjoe_overflow_catwalk, minmay_pentomino_pile
D:4:      layout_cave_pools, minmay_temple_entry_glass, nicolae_grassy_gnolls

Skill      XL: |  1  2  3  4  5  6 |
---------------+-------------------+-----
Fighting       | 2 3 4 |  4.7
Unarmed Combat | 3 4 |  4.1
Shapeshifting  | 4 |  4.9
Dodging        | |  1.7

Action                     |  1- 3 |  4- 6 || total
---------------------------+-------+-------++-------
  Melee: Unarmed           |   141 |   113 ||   254
         Punch             |     1 |     2 ||     3
   Fire: Sling             |       |    14 ||    14
  Throw: Dart              |       |     2 ||     2
 Invoke: Berserk           |       |     4 ||     4
  Evoke: Wand              |       |     2 ||     2
    Use: Scroll            |     2 |       ||     2
   Stab: Sleeping          |     2 |       ||     2
 Armour: Animal skin       |    79 |    89 ||   168
  Dodge: Dodged            |    58 |    49 ||   107

Table legend: (Time is in decaauts)
 A = Elapsed time spent in this place.
 B = Non-inter-level travel time spent in this place.
 C = Inter-level travel time spent in this place.
 D = Time resting spent in this place.
 E = Time spent auto-exploring this place.
 F = Levels seen in this place.
 G = Mean time per level.
                   A        B        C        D        E       F      G
               +--------+--------+--------+--------+--------+-----+--------+
         Total |   3204 |   2955 |    249 |    559 |   1746 |   4 |  801.0 |
       Dungeon |   3204 |   2955 |    249 |    559 |   1746 |   4 |  801.0 |
               +--------+--------+--------+--------+--------+-----+--------+

Top non-repeatable levels by time:
     D:3: 1285 daAuts
     D:1: 886 daAuts
     D:2: 616 daAuts
     D:4: 415 daAuts

Levels and vault maps discovered:
D:1:      wheals_arrival_linesprint, layout_loops_ring
D:2:      cheibrodos_old_hovel, layout_rooms, serial_shops,
          nicolae_shop_bloodbath_and_beyond,
          dreamdust_ecumenical_altar_drowned_temple
D:3:      layout_basic, mainiacjoe_overflow_alcove_2,
          mainiacjoe_overflow_catwalk, minmay_pentomino_pile
D:4:      layout_cave_pools, minmay_temple_entry_glass, nicolae_grassy_gnolls

Table legend: (Time is in decaauts)
 A = Elapsed time spent in this place.
 B = Non-inter-level travel time spent in this place.
 C = Inter-level travel time spent in this place.
 D = Time resting spent in this place.
 E = Time spent auto-exploring this place.
 F = Levels seen in this place.
 G = Mean time per level.
                   A        B        C        D        E       F      G
               +--------+--------+--------+--------+--------+-----+--------+
         Total |   3204 |   2955 |    249 |    559 |   1746 |   4 |  801.0 |
       Dungeon |   3204 |   2955 |    249 |    559 |   1746 |   4 |  801.0 |
               +--------+--------+--------+--------+--------+-----+--------+

Top non-repeatable levels by time:
     D:3: 1285 daAuts
     D:1: 886 daAuts
     D:2: 616 daAuts
     D:4: 415 daAuts

Table legend:
 A = Kills in this place as a percentage of kills in the entire game.
 B = Kills by you in this place as a percentage of kills by you in the entire game.
 C = Kills by friends in this place as a percentage of kills by friends in the entire game.
 D = Other kills in this place as a percentage of other kills in the entire game.
 E = Experience gained in this place as a percentage of experience gained in the entire game.
 F = Experience gained in this place divided by the number of levels of this place that you have seen.
                   A       B       C       D       E      F
               +-------+-------+-------+-------+-------+----------------------
         Total | 100.0 | 100.0 |   N/A |   N/A | 100.0 | 127.5
       Dungeon | 100.0 | 100.0 |   N/A |   N/A | 100.0 | 127.5
               +-------+-------+-------+-------+-------+----------------------
